 Dungeon Crawl Stone Soup version 0.30-a0-414-gcb316572d5 (webtiles) character file.

Game seed: 6481399140342533664

212 McMuffin the Covered (level 5, -3/46 HPs)
             Began as a Hill Orc Fighter on Dec 7, 2022.
             Was an Initiate of Beogh.
             Succumbed to a scorpion's poison
             ... on level 4 of the Dungeon.
             The game lasted 00:13:34 (1810 turns).

McMuffin the Covered (Hill Orc Fighter)             Turns: 1810, Time: 00:13:35

Health: -3/46      AC:  9    Str: 19 (21) XL:     5   Next: 90%
Magic:  5/5        EV:  6    Int:  6 (8)  God:    Beogh [......]
Gold:   172        SH: 12    Dex: 11 (14) Spells: 4/4 levels left

rFire   . . .      SeeInvis .    i - +9 short sword "Qarazacw" {pain, Dex+4}
rCold   . . .      Faith    +    f - +0 tower shield
rNeg    . . .      Spirit   .    b - +0 scale mail
rPois   .          Reflect  .    (no helmet)
rElec   .          Harm     .    (no cloak)
rCorr   .          Rampage  +    (no gloves)
Will    .....                    m - +1 pair of boots {rampage}
Stlth   ..........               l - amulet of faith
HPRegen 0.27/turn                (no ring)
MPRegen 0.09/turn                (no ring)

@: lethally poisoned (-3 -> -16)
A: no striking features
a: Renounce Religion


You were on level 4 of the Dungeon.
You worshipped Beogh.
Beogh was noncommittal.
You visited 1 branch of the dungeon, and saw 4 of its levels.

You collected 172 gold pieces.

Inventory:

Hand Weapons
 a - a +0 war axe
 i - the +9 short sword "Qarazacw" (weapon) {pain, Dex+4}
   (You found it on level 2 of the Dungeon)

   In the hands of one skilled in necromantic magic, it inflicts extra damage on
   living creatures.
   Dex:       It affects your dexterity (+4).
 w - the +4 dagger "Magroat" {venom, Int+3 Dex+7}
   (You found it on level 3 of the Dungeon)

   It poisons the flesh of those it strikes.
   Int:       It affects your intelligence (+3).
   Dex:       It affects your dexterity (+7).
Missiles
 e - 4 curare-tipped darts (quivered)
Armour
 b - a +0 scale mail (worn)
 c - a +0 buckler
 f - a +0 tower shield (worn)
 m - a +1 pair of boots of rampaging (worn)
Magical Staves
 A - a staff of cold
Jewellery
 l - an amulet of faith (around neck)
Wands
 n - a wand of charming (12)
 C - a wand of quicksilver (4)
Scrolls
 g - 2 scrolls of fear {unknown}
 k - 4 scrolls of fog {unknown}
 p - 5 scrolls of identify {unknown}
 q - a scroll of summoning {unknown}
 r - a scroll of vulnerability {unknown}
 v - 2 scrolls of blinking
 x - 2 scrolls of amnesia
 y - a scroll of torment {unknown}
Potions
 d - a potion of might
 j - a potion of attraction {unknown}
 o - a potion of magic {unknown}
 s - a potion of lignification {unknown}
 t - a potion of ambrosia
 u - a potion of curing {unknown}
 z - a potion of heal wounds {unknown}
 B - a potion of brilliance {unknown}


   Skills:
 + Level 4.2 Fighting
 + Level 2.2 Short Blades
 + Level 4.0 Axes
 + Level 4.4 Armour
 + Level 0.8 Dodging
 + Level 4.2 Shields


You had 4 spell levels left.
You didn't know any spells.
Your spell library contained the following spells:

 Spells                   Type           Power      Damage    Failure   Level
 Apportation              Tloc           0%         N/A       100%        1
 Kiss of Death            Conj/Necr      0%         2d5       100%        1
 Confusing Touch          Hex            0%         N/A       100%        3
 Dispel Undead            Necr           0%         3d6       100%        4
 Alistair's Intoxication  Tmut/Pois      0%         N/A       100%        5


Dungeon Overview and Level Annotations

Branches:
Dungeon (4/15)
 Temple: D:4-7

Altars:


Message History

The scorpion attacks as you move away! You block the scorpion's attack.
You feel sick.
You see here 4 large rocks.
You feel sick. The scorpion barely misses you.
You feel sick. The scorpion stings you.
You are more poisoned.
The scorpion poisons you! The scorpion attacks as you move away!
The scorpion stings you.
You are lethally poisoned!
The scorpion poisons you! The scorpion attacks as you move away!
The scorpion stings you but does no damage.
You feel extremely sick.
You hit the scorpion.
The scorpion is moderately wounded.
* * * LOW HITPOINT WARNING * * *
You feel very sick. The scorpion stings you.
* * * LOW HITPOINT WARNING * * *
You are more poisoned.
The scorpion poisons you!
The scorpion stings you but does no damage.
It was a potion of ambrosia.
You are confused.
You feel invigorated.
* * * LOW HITPOINT WARNING * * *
You feel extremely sick.
The scorpion stings you but does no damage.
It was a potion of degeneration.
There was something very wrong with that liquid.
You feel weakened.
You feel dopey.
You feel clumsy.
* * * LOW HITPOINT WARNING * * *
You feel very sick.
The scorpion stings you but does no damage.
You feel less invigorated.
You feel less confused.
* * * LOW HITPOINT WARNING * * *
You feel very sick.
You puncture the scorpion!
The scorpion is severely wounded.
You die...

................##. #
#.. ................. #
##..###...#.....###... #
#. #............##....##
..#....................
........................
...##....#.....###......
# ##..##(.....# ##..
#..@ss.#....#####...
#...##......#.##....
#......##..............
....#...##......#.......
...###...#......#..##..#
.. ##........##...#..# .
##...........###.#
.####....###....###..
......... #.........


You could see 2 scorpions.

Vanquished Creatures
  An iguana (D:4)
  Ijyb (D:4)
  4 gnolls (D:3)
  7 adders
  A worm (D:2)
  5 dart slugs
  4 bats
  4 endoplasms
  4 giant cockroaches (D:2)
  A goblin (D:4)
  4 hobgoblins
  4 jackals (D:2)
  3 kobolds
  2 quokkas (D:3)
  2 ball pythons
  4 frilled lizards
  A rat (D:2)
  A bush (D:1)
53 creatures vanquished.

Vanquished Creatures (others)
  An orc (D:4)
  5 fungi (D:2)
  3 plants (D:2)
9 creatures vanquished.

Grand Total: 62 creatures vanquished

Notes
Turn   | Place    | Note
-------+----------+-------------------------------------------
     0 | D:1      | McMuffin the Hill Orc Fighter began the quest for the Orb.
     0 | D:1      | Reached XP level 1. HP: 19/19 MP: 1/1
   140 | D:1      | Reached XP level 2. HP: 27/27 MP: 2/2
   329 | D:2      | Reached XP level 3. HP: 28/33 MP: 3/3
   424 | D:2      | Identified the +9 short sword "Qarazacw" {pain, Dex+4}
   502 | D:2      | Found a faded altar of an unknown god.
   891 | D:3      | Reached XP level 4. HP: 40/40 MP: 4/4
  1118 | D:3      | Reached skill level 1 in Short Blades
  1126 | D:3      | Reached XP level 5. HP: 16/46 MP: 5/5
  1294 | D:3      | Identified the +4 dagger "Magroat" {venom, Int+3 Dex+7}
  1513 | D:4      | Became a worshipper of Beogh the Brigand
  1680 | D:4      | Noticed Ijyb
  1697 | D:4      | Killed Ijyb
  1807 | D:4      | HP: 2/46 [poisoned by a scorpion]
  1810 | D:4      | Succumbed to a scorpion's poison

Illustrated notes

Levels and vault maps discovered:
D:1:      sevenhm_arrival_forest_fort_large_4, layout_basic, serial_shops, shop,
          minmay_misc_feat_doors
D:2:      layout_rooms, shapermc_ecumenical_altar_ellora
D:3:      layout_loops_ring
D:4:      layout_cave_pools, uniq_ijyb

Skill      XL: |  1  2  3  4  5 |
---------------+----------------+-----
Axes           | 3 4 |  4.0
Fighting       | 4 |  4.2
Short Blades   | 1 2 |  2.2
Armour         | 4 |  4.4
Shields        | 4 |  4.2
Dodging        | |  0.8

Action                   |  1- 3 |  4- 6 || total
-------------------------+-------+-------++-------
Melee: War axe           |    64 |       ||    64
       Short sword       |    56 |    72 ||   128
Invok: Convert to Beogh  |       |     1 ||     1
  Use: Scroll            |     2 |       ||     2
       Potion            |       |     2 ||     2
Armor: Scale mail        |    46 |    27 ||    73
Dodge: Dodged            |    24 |    16 ||    40
Block: Buckler           |    11 |       ||    11
       Tower shield      |    23 |    47 ||    70

Table legend: (Time is in decaauts)
 A = Elapsed time spent in this place.
 B = Non-inter-level travel time spent in this place.
 C = Inter-level travel time spent in this place.
 D = Time resting spent in this place.
 E = Time spent auto-exploring this place.
 F = Levels seen in this place.
 G = Mean time per level.
                   A        B        C        D        E       F      G
               +--------+--------+--------+--------+--------+-----+--------+
         Total |   1877 |   1877 |      0 |    102 |      0 |   4 |  469.2 |
       Dungeon |   1877 |   1877 |      0 |    102 |      0 |   4 |  469.2 |
               +--------+--------+--------+--------+--------+-----+--------+

Top non-repeatable levels by time:
     D:2: 639 daAuts
     D:3: 639 daAuts
     D:4: 310 daAuts
     D:1: 288 daAuts
